 Dungeon Sprint DCSS version 0.16-a0-3926-g4728e1c (webtiles) character file.

809 BluebellGnoll the Fighter (level 7, -7/82 HPs)
             Began as a Minotaur Hunter on Feb 5, 2015.
             Was a Priest of Makhleb.
             Mangled by a hill giant
             ... wielding a +0 giant club
              (19 damage)
             ... in the Dungeon (Sprint IX: "|||||||||||||||||||||||||||||").
             The game lasted 00:03:01 (361 turns).

BluebellGnoll the Fighter (Minotaur Hunter)          Turns: 361, Time: 00:03:02

Health: -7/82      AC:  3    Str: 21    XL:     7   Next: 61%
Magic:  3/3        EV: 11    Int:  8    God:    Makhleb [***...]
Gold:   0          SH:  0    Dex: 14    Spells: 0 memorised, 6 levels left

rFire  + + .     SeeInvis .     p - +6 scimitar of Flaming Death {flame, rPois+ rF++ rC- MR+}
rCold  x . .     Clarity  .     m - +2 ring mail
rNeg   . . .     SustAb   .     (no shield)
rPois  +         Gourm    .     (helmet restricted)
rElec  .         Spirit   .     d - +0 cloak
rCorr  .         Warding  .     (no gloves)
rMut   .         NoTele   +     (no boots)
MR     +....                    (no amulet)
Stlth  +.........               r - +3 ring of strength
                                q - +3 ring of dexterity

@: corroded equipment, somewhat resistant to hostile enchantments, very
unstealthy
A: retaliatory headbutt, horns 2
a: Minor Destruction, Lesser Servant of Makhleb, Renounce Religion


You were in the Dungeon.
You worshipped Makhleb.
Makhleb was most pleased with you.
You were not hungry.

You visited 1 branch

Inventory:

Hand weapons
 p - the +6 scimitar of Flaming Death (weapon) {flame, rPois+ rF++ rC- MR+}
   (You found it in the Dungeon)

   It has been specially enchanted to burn those struck by it, causing extra
   injury to most foes and up to half again as much damage against particularly
   susceptible opponents.
   Big, fiery blades are also staple armaments of hydra-hunters.
   It greatly protects you from fire.
   It makes you vulnerable to cold.
   It protects you from poison.
   It affects your resistance to hostile enchantments.
Missiles
 b - 5 javelins (quivered)
 c - 2 throwing nets
Armour
 d - a +0 cloak (worn)
 m - a +2 ring mail (worn)
Jewellery
 q - a +3 ring of dexterity (left hand)
 r - a +3 ring of strength (right hand)
Magical devices
 o - a wand of fire (6)
Scrolls
 h - 3 scrolls of remove curse
 k - 2 scrolls of blinking
 n - 2 scrolls of amnesia
Potions
 a - a potion of invisibility
 e - 5 potions of curing
 g - 2 potions of heal wounds
 i - 4 potions of magic
 j - a potion of berserk rage
Comestibles
 f - a bread ration
 l - 2 chunks of flesh


   Skills:
 + Level 14.7 Fighting
 - Level 12.4 Long Blades
 - Level 4.0 Throwing
 - Level 2.1 Dodging
 - Level 0.7 Stealth


You had 6 spell levels left.
You didn't know any spells.

Dungeon Overview and Level Annotations

Branches:
Dungeon (1/1)

Altars:
Cheibriados
Dithmenos
Elyvilon
Fedhas
Gozag
Kikubaaqudgha
Makhleb
Nemelex Xobeh
Okawaru
Qazlal
Ru
Sif Muna
Trog
Vehumet
Xom
Yredelemnul
Zin
The Shining One
Beogh
Jiyva
Lugonu


Innate Abilities, Weirdness & Mutations

You reflexively headbutt those who attack you in melee.
You have a pair of horns on your head.


Message History

You destroy the wraith!
Makhleb accepts your kill.
Your Fighting skill increases to level 14!
Throwing (i - inventory. (,) - cycle):
b - 6 javelins (quivered)
Press: ? - help, Shift-Dir - straight line, f - hill giant
Aim: a hill giant, wielding a giant club (moderately wounded)
You throw a javelin.
The javelin barely misses the hill giant.
The javelin hits the quasit!
The quasit is severely wounded.
You hit the hill giant. You burn the hill giant.
The hill giant is moderately wounded.
The hill giant hits you with a giant club!!
* * * LOW HITPOINT WARNING * * *
You barely miss the hill giant.
The hill giant is moderately wounded.
You slash the hill giant! You burn the hill giant. You headbutt the hill giant.
The hill giant is severely wounded.
The hill giant hits you with a giant club!!
You die... ▓▓▓▓▓▓▓▓▓▓▓▓▓▓▓▓▓▓▓▓▓▓▓▓▓ '..|[.[...÷%...)@C5(....+ ▓▓▓▓▓▓▓▓▓▓▓▓▓▓▓▓▓▓▓▓▓▓▓▓▓

You could see a hill giant and a quasit.

Vanquished Creatures
  An ugly thing (D)
  A wraith (D)
  An ice beast (D)
  A necrophage (D)
  An orc wizard (D)
  A worker ant (D)
  A hound (D)
  An adder (D)
  A shadow imp (D)
  An orc (D)
  2 goblins (D)
  3 hobgoblins (D)
  A jackal (D)
  A kobold (D)
  A bat (D)
  A kobold zombie (D)
  A quokka skeleton (D)
  A rat (D)
  A rat skeleton (D)
22 creatures vanquished.

Notes
Turn   | Place    | Note
--------------------------------------------------------------
     0 | D        | BluebellGnoll, the Minotaur Hunter, began the quest for the Orb.
     0 | D        | Reached XP level 1. HP: 18/18 MP: 1/1
    13 | D        | Reached skill level 5 in Fighting
   140 | D        | Reached skill level 6 in Fighting
   140 | D        | Reached XP level 2. HP: 26/30 MP: 1/1
   162 | D        | Found a glowing silver altar of Zin.
   162 | D        | Found a glowing golden altar of the Shining One.
   162 | D        | Found an ancient bone altar of Kikubaaqudgha.
   162 | D        | Found a basalt altar of Yredelemnul.
   162 | D        | Found a shimmering altar of Xom.
   162 | D        | Found a radiant altar of Vehumet.
   162 | D        | Found an iron altar of Okawaru.
   163 | D        | Found a burning altar of Makhleb.
   164 | D        | Found a deep blue altar of Sif Muna.
   165 | D        | Found a bloodstained altar of Trog.
   166 | D        | Found a sparkling altar of Nemelex Xobeh.
   167 | D        | Found a white marble altar of Elyvilon.
   168 | D        | Found a roughly hewn altar of Beogh.
   169 | D        | Found a viscous altar of Jiyva.
   170 | D        | Found a corrupted altar of Lugonu.
   171 | D        | Found a blossoming altar of Fedhas.
   172 | D        | Became a worshipper of Makhleb the Destroyer
   173 | D        | Found a snail-covered altar of Cheibriados.
   174 | D        | Found a shadowy altar of Dithmenos.
   175 | D        | Found a stormy altar of Qazlal.
   176 | D        | Found an opulent altar of Gozag.
   177 | D        | Found a sacrificial altar of Ru.
   226 | D        | Noticed a worker ant
   226 | D        | Noticed a necrophage
   226 | D        | Noticed an ice beast
   230 | D        | Acquired Makhleb's first power
   230 | D        | Reached XP level 3. HP: 38/38 MP: 2/2
   232 | D        | Killed a worker ant
   232 | D        | Reached skill level 5 in Long Blades
   237 | D        | Killed a necrophage
   237 | D        | Acquired Makhleb's second power
   237 | D        | Reached skill level 10 in Long Blades
   237 | D        | Reached XP level 4. HP: 45/45 MP: 2/2
   237 | D        | Reached XP level 5. HP: 51/51 MP: 2/2
   241 | D        | Killed an ice beast
   241 | D        | Reached skill level 12 in Long Blades
   341 | D        | Noticed a brown ugly thing
   341 | D        | Noticed a hound
   341 | D        | Noticed a wraith
   341 | D        | Noticed an orc wizard
   341 | D        | Noticed a hill giant
   341 | D        | Noticed a quasit
   351 | D        | Killed an orc wizard
   351 | D        | Reached XP level 6. HP: 26/61 MP: 3/3
   352 | D        | Killed a hound
   352 | D        | Acquired Makhleb's third power
   354 | D        | Killed a brown ugly thing
   354 | D        | Reached skill level 13 in Fighting
   354 | D        | Reached XP level 7. HP: 44/79 MP: 3/3
   357 | D        | Killed a wraith
   357 | D        | Reached skill level 14 in Fighting
   361 | D        | Mangled by a hill giant

Action                   |  1- 3 |  4- 6 |  7- 9 || total
-------------------------+-------+-------+-------++-------
Melee: Short sword       |     8 |       |       ||     8
       Club              |    16 |       |       ||    16
       Scimitar          |    11 |    15 |     6 ||    32
Throw: Javelin           |       |       |     1 ||     1
Evoke: Wand              |       |     1 |       ||     1
  Use: Potion            |     1 |     1 |       ||     2
